 Dungeon Crawl Stone Soup version 0.30-a0-782-ge64f9170bb (webtiles) character file.

Game seed: 6232340362823363505

107 Barriton the Firebug (level 4, -1/33 HPs)
             Began as a Draconian Fire Elementalist on Mar 10, 2023.
             Slain by an orc priest
             ... wielding a +0 flail
              (6 damage)
             ... on level 3 of the Dungeon.
             The game lasted 00:03:21 (2840 turns).

Barriton the Firebug (Draconian Fire Elementalist)  Turns: 2840, Time: 00:03:21

Health: -1/33      AC:  7    Str: 19    XL:     4   Next: 57%
Magic:  3/8        EV: 12    Int: 20    God:
Gold:   151        SH:  0    Dex: 11    Spells: 6/9 levels left

rFire   . . .      SeeInvis .    b - staff of poison
rCold   . . .      Faith    .    (no shield)
rNeg    + . .      Spirit   .    (body armour unavailable)
rPois   +          Reflect  .    (helmet restricted)
rElec   .          Harm     .    c - +1 cloak
rCorr   .          Rampage  .    (no gloves)
Will    .....                    (no boots)
Stlth   ++                       (no amulet)
HPRegen 0.25/turn                e - ring of the Beloved God {rN+ Str+3 Int+2}
MPRegen 0.11/turn                l - +6 ring of strength

@: no status effects
A: AC +5, unfitting armour, cold-blooded
a: no special abilities


You were on level 3 of the Dungeon.
You visited 1 branch of the dungeon, and saw 3 of its levels.

You collected 151 gold pieces.

Inventory:

Armour
 c - a +1 cloak (worn)
Magical Staves
 b - a staff of poison (weapon)
Jewellery
 e - the ring of the Beloved God (left hand) {rN+ Str+3 Int+2}
   (You found it on level 2 of the Dungeon)

   [ring of positive energy]

   Str:       It affects your strength (+3).
   Int:       It affects your intelligence (+2).
   rN:        It protects you from negative energy.
 l - a +6 ring of strength (right hand)
Wands
 k - a wand of digging (6)
Scrolls
 g - 2 scrolls of identify {unknown}
 h - a scroll of teleportation {unknown}
 m - a scroll of vulnerability {unknown}
Potions
 d - a potion of brilliance {unknown}
 f - a potion of attraction {unknown}
 i - 2 potions of curing {unknown}
 j - a potion of degeneration {unknown}
 n - a potion of flight {unknown}


   Skills:
 + Level 0.1 Staves
 + Level 2.0 Dodging
 + Level 2.4 Stealth
 + Level 3.0 Spellcasting
 + Level 1.6 Conjurations
 + Level 4.0 Fire Magic


You had 6 spell levels left.
You knew the following spells:

 Your Spells              Type           Power      Damage    Failure   Level
a - Foxfire               Conj/Fire      56%        2x1d6     4%          1
b - Scorch                Fire           38%        2d7       4%          2

Your spell library contained the following spells:

 Spells                   Type           Power      Damage    Failure   Level
 Inner Flame              Hex/Fire       11%        N/A       19%         3
 Kindle Blastsparks       Fire/Tloc/Air  16%        2d11      24%         3
 Flame Wave               Conj/Fire      14%        2d6       41%         4


Dungeon Overview and Level Annotations

Branches:
Dungeon (3/15)

Altars:
Makhleb

Shops:
D:2 *


Innate Abilities, Weirdness & Mutations

Your plain brown scales are hard. (AC +5)
You cannot fit into any form of body armour.
You are cold-blooded and may be slowed by cold attacks.


Message History

You hit the orc priest but do no damage.
You tail-slap the orc priest.
The orc priest is heavily wounded.
The orc priest hits you but does no damage.
You closely miss the orc priest.
The orc priest is heavily wounded.
The orc priest hits you with a +0 flail.
You closely miss the orc priest.
Your tail-slap misses the orc priest.
The orc priest is heavily wounded.
The orc priest closely misses you.
You hit the orc priest but do no damage.
The orc priest is heavily wounded.
The orc priest barely misses you. The orc priest closely misses you.
You hit the orc priest but do no damage.
The orc priest is heavily wounded.
The orc priest calls down the wrath of Beogh upon you.
Pain shoots through your body!
* * * LOW HITPOINT WARNING * * *
Casting: Scorch (safe; 4% risk of failure)
Confirm with . or Enter, or press ? or * to list all spells.
You don't have enough magic to cast this spell.
Magic courses through your body. The orc priest barely misses you.
Casting: Scorch (safe; 4% risk of failure)
Confirm with . or Enter, or press ? or * to list all spells.
Flames lash the orc.
You kill the orc!
The orc priest barely misses you.
Your Spellcasting skill increases to level 3!
Casting: Scorch (safe; 4% risk of failure)
Confirm with . or Enter, or press ? or * to list all spells.
Flames lash the orc priest.
The orc priest is severely wounded.
The orc priest's fire resistance burns away.
The orc priest hits you with a +0 flail.
* * * LOW HITPOINT WARNING * * *
Casting: Scorch (safe; 4% risk of failure)
Confirm with . or Enter, or press ? or * to list all spells.
Flames lash something.
The orc priest hits you with a +0 flail.
You die...

. .... .#.#.. ...+...
..#.. #.. ... #.... ......
#.#.####### #.#.#
#.#.#.....# #...
#.#<#.###.###.#
##.#...###.....#######.##.
................@o{..[...>
##...#########.###)###.##
.....# #.# #.# .....# #.#
.{o .....# #.##.... .....#
#.#...... .....#
#......... +#####
##.#......# ..#......#


You could see an orc priest (combustible).

Vanquished Creatures
  An iguana (D:3)
  2 adders
  A worm (D:2)
  3 dart slugs
  3 orcs (D:3)
  5 endoplasms
  11 goblins
  6 hobgoblins
  2 kobolds
  3 quokkas
  A ball python (D:1)
  4 bats
  4 frilled lizards
  3 rats (D:1)
49 creatures vanquished.

Vanquished Creatures (collateral kills)
  A foxfire (D:1)
1 creature vanquished.

Vanquished Creatures (others)
  161 foxfires
161 creatures vanquished.

Grand Total: 211 creatures vanquished

Notes
Turn   | Place    | Note
-------+----------+-------------------------------------------
     0 | D:1      | Barriton the Draconian Fire Elementalist began the quest
                  | for the Orb.
     0 | D:1      | Reached XP level 1. HP: 14/14 MP: 3/3
   435 | D:1      | Reached XP level 2. HP: 20/20 MP: 1/5
  1376 | D:2      | Learned a level 2 spell: Scorch
  1420 | D:2      | Identified the ring of the Beloved God {rN+ Str+3 Int+2}
  1501 | D:2      | Found Agair's General Store.
  1552 | D:2      | Reached XP level 3. HP: 26/26 MP: 0/6
  1651 | D:2      | Found a burning altar of Makhleb.
  2713 | D:3      | Reached skill level 4 in Fire Magic
  2713 | D:3      | Reached XP level 4. HP: 15/33 MP: 1/8
  2840 | D:3      | Slain by an orc priest

Illustrated notes

Levels and vault maps discovered:
D:1:      matt_arrival_refuge, layout_basic, minmay_misc_feat_plants
D:2:      layout_basic, basic_altar, serial_shops,
          nicolae_shop_temple_entry_statues_fountains
D:3:      layout_basic, tgw_trog, chequers_temple_overflow_minitemple,
          grunt_ministairs_14

Skill      XL: |  1  2  3  4 |
---------------+-------------+-----
Dodging        | 2 |  2.0
Stealth        | 2 |  2.4
Fire Magic     | 4 |  4.0
Spellcasting   | 3 |  3.0
Staves         | |  0.1
Conjurations   | |  1.6

Action                     |  1- 3 |  4- 6 || total
---------------------------+-------+-------++-------
  Melee: Staff             |    26 |    21 ||    47
         Tailslap          |     2 |     4 ||     6
         Punch             |       |     1 ||     1
   Cast: Foxfire           |   100 |     2 ||   102
         Scorch            |     8 |     6 ||    14
    Use: Scroll            |     4 |       ||     4
         Potion            |       |     1 ||     1
 Armour: Skin              |     8 |     9 ||    17
  Dodge: Dodged            |    21 |    19 ||    40

Table legend: (Time is in decaauts)
 A = Elapsed time spent in this place.
 B = Non-inter-level travel time spent in this place.
 C = Inter-level travel time spent in this place.
 D = Time resting spent in this place.
 E = Time spent auto-exploring this place.
 F = Levels seen in this place.
 G = Mean time per level.
                   A        B        C        D        E       F      G
               +--------+--------+--------+--------+--------+-----+--------+
         Total |   2847 |   2777 |     70 |      0 |   2456 |   3 |  949.0 |
       Dungeon |   2847 |   2777 |     70 |      0 |   2456 |   3 |  949.0 |
               +--------+--------+--------+--------+--------+-----+--------+

Top non-repeatable levels by time:
     D:1: 1373 daAuts
     D:2: 1208 daAuts
     D:3: 265 daAuts
